 Dungeon Crawl Stone Soup version 0.25.1-8-g42b30a86e7 (webtiles) character file.

Game seed: 14137363271050325484

81 JohnSpartan the Magician (level 4, -6/34 HPs)
             Began as a Draconian Wizard on Dec 17, 2020.
             Was an Initiate of Fedhas.
             Killed by divine providence
             ... invoked by an orc priest
              (13 damage)
             ... on level 4 of the Dungeon.
             The game lasted 00:21:32 (1893 turns).

JohnSpartan the Magician (Draconian Wizard)         Turns: 1893, Time: 00:21:32

Health: -6/34      AC:  6    Str:  9    XL:     4   Next: 19%
Magic:  9/9        EV: 12    Int: 20    God:    Fedhas [......]
Gold:   162        SH:  0    Dex:  9    Spells: 7/10 levels left

rFire    . . .     SeeInvis .   u - +0 mace
rCold    . . .     Gourm    .   (no shield)
rNeg     . . .     Faith    .   (armour unavailable)
rPois    .         Spirit   .   a - +0 hat
rElec    .         Reflect  .   d - +0 cloak
rCorr    .         Harm     .   (no gloves)
MR       .....                  (no boots)
Stlth    ++........             (no amulet)
HPRegen  0.11/turn              (no ring)
MPRegen  0.11/turn              (no ring)

@: about to teleport
A: unfitting armour, cold-blooded, AC +5
a: Renounce Religion


You were on level 4 of the Dungeon.
You worshipped Fedhas.
Fedhas was noncommittal.
You were hungry.

You visited 1 branch of the dungeon, and saw 4 of its levels.

You collected 162 gold pieces.

Inventory:

Hand Weapons
 h - a +0 short sword
 l - a +0 club
 u - a +0 mace (weapon)
Missiles
 j - 42 stones (quivered)
Armour
 a - a +0 hat (worn)
 b - a +0 leather armour
 d - a +0 cloak (worn)
 o - a +0 robe
Jewellery
 m - a cursed amulet of inaccuracy
 n - a cursed -4 ring of dexterity
Scrolls
 i - a scroll of enchant weapon
 k - 3 scrolls of remove curse {unknown}
 r - a scroll of amnesia {unknown}
 t - 2 scrolls of immolation {unknown}
Potions
 e - 2 potions of stabbing {unknown}
 p - a potion of curing {unknown}
 q - a potion of resistance {unknown}
 s - a potion of heal wounds {unknown}
Comestibles
 c - 4 rations
 f - a chunk of flesh


   Skills:
 + Level 0.8 Fighting
 + Level 2.8 Dodging
 + Level 2.1 Stealth
 + Level 3.6 Spellcasting
 + Level 1.6 Conjurations
 + Level 1.1 Summonings
   Level 1.0 Translocations


You had 7 spell levels left.
You knew the following spells:

 Your Spells              Type           Power        Failure   Level  Hunger
a - Magic Dart            Conj           ##..         7%          1    None
b - Call Imp              Summ           #.......     13%         2    ##.....

Your spell library contained the following spells:

 Spells                   Type           Power        Failure   Level  Hunger
 Corona                   Hex            #......      14%         1    None
 Blink                    Tloc           N/A          14%         2    ##.....
 Ensorcelled Hibernation  Hex/Ice        #.....       21%         2    ##.....
 Slow                     Hex            #.......     21%         2    ##.....
 Conjure Flame            Conj/Fire      #.......     28%         3    ###....
 Dazzling Flash           Conj/Hex       #.....       28%         3    ###....
 Mephitic Cloud           Conj/Pois/Air  #.......     32%         3    ###....
 Confusing Touch          Hex            #.......     38%         3    ###....
 Tukima's Dance           Hex            #.......     38%         3    ###....


Dungeon Overview and Level Annotations

Branches:
Dungeon (3/15)

Altars:
Fedhas
Makhleb

Annotations:
D:4 Natasha


Innate Abilities, Weirdness & Mutations

Your plain brown scales are hard. (AC +5)
You cannot fit into any form of body armour.
You are cold-blooded and may be slowed by cold attacks.


Message History

You tail-slap the orc wizard, but do no damage.
The orc wizard hits you with a +0 dagger.
The orc barely misses your iron imp.
You hit the orc wizard but do no damage.
The orc wizard barely misses you. The orc closely misses your iron imp.
The orc wizard points at you and mumbles some strange words.
The magic dart hits you.
The orc wizard barely misses your iron imp.
Your iron imp disappears in a puff of smoke!
The orc priest calls down the wrath of Beogh upon you.
Beogh smites you!
* * * LOW HITPOINT WARNING * * *
As you read the scroll of teleportation, it crumbles to dust.
You feel strangely unstable. The orc hits you but does no damage.
The orc wizard gestures wildly while chanting.
The orc wizard blinks!
The orc priest mumbles some strange prayers to Beogh against you.
Beogh smites you!
You die...
Fedhas appreciates your contribution to the ecosystem. ##### oo..

######## #o. #.o....# ##
#.#####.####.###### #.#
##..o.oo..........#
#.###.#####§####..÷...#
#..#..# #.####......#
#.....# ###o......>...##
###.#####..@....#......#
#......##.......#.##.#.#
#.#.##.##.......#.##.#.#
#..#............#....#.#
...###..##.......#..###.#
##.# ##.##.......#... ..#
#.# ##.#.......##.# ###
## ########## .#


You could see an orc priest, an orc wizard and 2 orcs.

Vanquished Creatures
  Natasha (D:4)
  An adder (D:2)
  2 dart slugs (D:1)
  3 leopard geckos
  6 bats
  5 giant cockroaches
  5 goblins
  3 hobgoblins
  A quokka (D:2)
  3 frilled lizards
  2 kobolds (D:1)
  3 rats
35 creatures vanquished.

Vanquished Creatures (collateral kills)
  An adder (D:2)
  3 goblins
  2 rats
6 creatures vanquished.

Grand Total: 41 creatures vanquished

Notes
Turn   | Place    | Note
-------+----------+-------------------------------------------
     0 | D:1      | JohnSpartan the Draconian Wizard began the quest for the
                  | Orb.
     0 | D:1      | Reached XP level 1. HP: 14/14 MP: 4/4
   398 | D:1      | Reached XP level 2. HP: 18/20 MP: 6/6
   821 | D:2      | Reached XP level 3. HP: 18/26 MP: 3/7
   829 | D:2      | Found a blossoming altar of Fedhas.
   844 | D:2      | Became a worshipper of Fedhas Madash
   881 | D:2      | Found a burning altar of Makhleb.
  1000 | D:2      | Learned a level 2 spell: Call Imp
  1709 | D:3      | You fall into a shaft and drop 1 floor!
  1709 | D:4      | Noticed Natasha
  1727 | D:4      | Killed Natasha
  1727 | D:4      | Reached XP level 4. HP: 18/34 MP: 9/9
  1817 | D:4      | Noticed Natasha
  1893 | D:4      | Killed from afar by an orc priest

Illustrated notes

Levels and vault maps discovered:
D:1:      shiori_arrival_elements, layout_basic
D:2:      layout_loops_corners, old_standard_altar, old_standard_altar
D:3:      layout_basic, lemuel_coloured_pillars_altar, feat_on_display
D:4:      layout_loops_cross, chequers_temple_overflow_statue_of_worship,
          gup_sewer_entry_spiral, uniq_natasha

Skill      XL: |  1  2 |
---------------+-------+-----
Dodging        | 2 |  2.8
Stealth        | 2 |  2.1
Fighting       | |  0.8
Spellcasting   | |  3.6
Conjurations   | |  1.6
Summonings     | |  1.1
Translocations | |  1.0

Action                   |  1- 3 |  4- 6 || total
-------------------------+-------+-------++-------
Melee: Short sword       |    39 |       ||    39
       Unarmed           |     8 |       ||     8
       Tailslap          |    10 |     1 ||    11
       Club              |    88 |       ||    88
       Mace              |       |     4 ||     4
Throw: Stone             |     5 |       ||     5
 Cast: Magic Dart        |    43 |       ||    43
       Call Imp          |     8 |     1 ||     9
  Use: Scroll            |     4 |     1 ||     5
  Eat: Chunk             |     3 |       ||     3
Armor: Skin              |    88 |     3 ||    91
Dodge: Dodged            |   143 |     1 ||   144
